AoeStats
← TIMVP

Arena

509433874Analyzed
2v2 RM · 5d ago on Sep 26, 2026· 42m 13s· 4 players
Game mode
Random Map
Map size
Medium (4 player)
Population
200
Speed
Normal
Resources
Standard
Victory
Conquest
Starting age
Dark Age
Ending age
Imperial Age
RankedLock teamsTeams togetherTeam positionsShared explorationLock speedFull tech treeHidden civsTurbo modeCheats
Victory
Defeat
🇻🇪 Lithuanians · Venezuela
865
+16
🇵🇪 Danes · Peru
751
+20
🇺🇸 Celts · United States
856
-18
🇺🇸 Cumans · United States
842
-18
Osuna30
5:01 Loom
10:15 Feudal Age
16:03 Castle Age
15:21 Forging
19:35 Bloodlines
24:49 Scale Barding Armor
25:43 Horse Collar
27:15 Treadmill Crane
28:10 Double-Bit Axe
28:19 Stone Mining
29:29 Husbandry
30:26 Iron Casting
30:42 Wheelbarrow
31:01 Fletching
31:04 Gold Mining
31:47 Town Watch
35:25 Imperial Age
32:39 Elite Skirmisher
34:27 Heavy Plow
35:02 Hand Cart
35:06 Thumb Ring
35:35 Padded Archer Armor
37:13 Chemistry
36:41 Bow Saw
37:21 Conscription
37:34 Cavalier
38:59 Chain Barding Armor
39:38 Masonry
39:51 Ballistics
39:05 Light Cavalry
TIMVP
8:04 Loom
11:41 Feudal Age
12:12 Double-Bit Axe
13:05 Wheelbarrow
19:14 Castle Age
18:00 Horse Collar
20:38 Hand Cart
22:21 Man-at-Arms
27:05 Heavy Plow
28:05 Town Watch
32:38 Imperial Age
30:30 Masonry
30:09 Long Swordsman
30:34 Gambesons
31:33 Scale Mail Armor
31:43 Forging
32:29 Chain Mail Armor
33:50 Conscription
33:36 Two-Handed Swordsman
34:55 Iron Casting
34:19 Gold Mining
34:20 Stone Mining
34:30 Stone Mining
37:24 Plate Mail Armor
36:55 Pikeman
38:37 Hamask
39:36 Elite Jomsviking
40:56 Champion
mike.bongi
3:41 Loom
11:59 Feudal Age
12:13 Man-at-Arms
12:39 Horse Collar
13:36 Wheelbarrow
14:04 Town Watch
14:07 Arson
16:43 Double-Bit Axe
23:11 Gold Mining
26:12 Castle Age
25:34 Stone Mining
26:22 Fletching
26:42 Forging
26:33 Scale Mail Armor
27:23 Heavy Plow
27:43 Bow Saw
27:35 Bodkin Arrow
28:02 Hand Cart
29:23 Murder Holes
29:07 Pikeman
30:12 Stronghold
31:41 Town Patrol
35:10 Fervor
37:07 Crossbowman
40:31 Gambesons
40:56 Long Swordsman
Sgt Slater 17
10:40 Feudal Age
11:26 Gold Mining
11:24 Double-Bit Axe
11:24 Horse Collar
13:14 Wheelbarrow
12:24 Loom
14:50 Man-at-Arms
19:31 Scale Barding Armor
24:00 Castle Age
24:35 Forging
24:51 Long Swordsman
25:52 Hand Cart
25:27 Pikeman
27:04 Iron Casting
26:37 Scale Barding Armor
30:40 Bloodlines
30:57 Hand Cart
31:32 Bow Saw
32:25 Gold Shaft Mining
33:58 Stone Mining
35:13 Chain Barding Armor
39:55 Imperial Age
38:27 Light Cavalry
40:12 Cavalier
Connection lost

Rejoining the realm…

Still unreachable

The connection could not be restored.

Session expired

The server has moved on; the page needs a fresh start.